Devils vs Islanders

Created - 30 novembre 2020 at 20:17

Goals
1 2 3 T
Devils 0 0 1 1
Islanders 1 1 1 3
Shots
1 2 3 T
Devils 14 17 6 37
Islanders 10 5 10 25

1st period

1. Islanders , Elias Pettersson 8 (Brad Marchand 9, Dennis Cholowski 4) at 18:58

Penalties :
Evgeni Malkin (NJD) for Holding (Minor) at 1:17, Mikhail Sergachev (NJD) for Holding (Minor) at 7:49

2nd period

2. Islanders , Brad Marchand 8 (Joe Pavelski 7, Anthony DeAngelo 11) at 13:26

Penalties :
Andrei Svechnikov (NYI) for Roughing (Minor) at 4:38

3rd period

3. Devils , Ryan Suter 4 (T.J. Oshie 10, Nicklas Backstrom 14) at 14:12
4. Islanders , Brad Marchand 9 (Nick Holden 3) at 16:57

Penalties :
Tyler Myers (NYI) for Hooking (Minor) at 3:07

Goalie Stats

Marc-Andre Fleury (NJD), 22 saves from 25 shots - (0,880), L, 2-7-1, 60:00 minutes
Mikko Koskinen (NYI), 36 saves from 37 shots - (0,973), W, 7-11-1, 60:00 minutes

Players Stats for Devils

Player Name              G  A  P  +/- PIM S  H  SB GA TA FO     MP     PP MP  PK MP  
------------------------------------------------------------------------------------
Brian Boyle              0  0  0  -1  0   0  0  0  0  0  3/7     9:38   0:00   1:50 
Cale Makar               0  0  0  -2  0   3  0  1  0  0  0/0    19:10   2:23   0:00 
Chris Kreider            0  0  0   0  0   3  2  0  0  0  0/1    16:14   1:49   0:00 
Evgeni Malkin            0  0  0  -1  2   3  2  0  0  0  13/25  17:36   2:09   0:00 
Jordie Benn              0  0  0   0  0   0  0  2  0  0  0/0    18:33   0:00   1:36 
Justin Schultz           0  0  0   0  0   3  0  0  0  0  0/0    20:42   0:00   2:22 
Mathieu Joseph           0  0  0  -1  0   1  2  0  0  0  0/1     9:56   0:00   2:08 
Mike Hoffman             0  0  0  -1  0   4  0  0  0  0  0/1    17:37   2:09   0:00 
Mikhail Sergachev        0  0  0   0  2   0  5  0  0  0  0/0    18:31   1:35   0:00 
Nicklas Backstrom        0  1  1   0  0   2  0  0  0  0  11/16  16:14   1:49   0:00 
Niklas Hjalmarsson       0  0  0   0  0   0  2  1  0  0  0/0    20:06   0:00   2:22 
Rocco Grimaldi           0  0  0  -1  0   0  0  0  0  0  0/0     7:48   0:00   0:00 
Ryan Suter               1  0  1  -2  0   4  2  0  0  0  0/0    21:22   2:23   1:36 
Sam Reinhart             0  0  0   0  0   3  2  0  0  0  0/1    15:58   1:35   0:00 
T.J. Oshie               0  1  1   0  0   4  0  0  0  0  4/5    16:14   1:49   0:00 
Travis Konecny           0  0  0  -1  0   4  0  0  0  0  0/1    17:37   2:09   0:00 
Tyler Bozak              0  0  0   0  0   2  1  2  0  0  12/16  16:31   0:00   2:08 
Zack Smith               0  0  0   0  0   1  2  0  0  0  0/2    16:13   0:00   1:50 

Players Stats for Islanders

Player Name              G  A  P  +/- PIM S  H  SB GA TA FO     MP     PP MP  PK MP  
------------------------------------------------------------------------------------
Andrei Svechnikov        0  0  0   0  2   3  1  0  0  0  1/2    18:14   1:29   0:00 
Anthony Cirelli          0  0  0   0  0   2  1  0  0  0  11/19  19:26   1:29   1:11 
Anthony DeAngelo         0  1  1   2  0   1  4  0  0  0  0/0    20:07   1:29   1:55 
Austin Czarnik           0  0  0   0  0   0  1  0  0  0  3/5     4:47   0:00   0:00 
Brad Marchand            2  1  3   3  0   6  2  0  0  0  6/10   24:34   2:29   2:24 
Colton Sceviour          0  0  0  -1  0   2  0  0  0  0  5/16   15:34   0:00   0:00 
Dennis Cholowski         0  1  1   0  0   2  0  4  0  0  0/0    15:13   0:00   0:00 
Elias Pettersson         1  0  1   3  0   3  1  0  0  0  6/20   19:50   2:29   2:24 
Isac Lundestrom          0  0  0   0  0   0  0  0  0  0  0/0     0:03   0:00   0:00 
Joe Pavelski             0  1  1   3  0   2  2  0  0  0  0/1    18:37   2:29   1:11 
Jordan Greenway          0  0  0  -1  0   0  2  0  0  0  0/1    15:34   0:00   0:00 
Neal Pionk               0  0  0   0  0   1  4  2  0  0  0/0    24:49   2:29   2:12 
Nick Holden              0  1  1   2  0   1  1  1  0  0  0/0    19:58   1:29   1:46 
Nikita Gusev             0  0  0   0  0   0  0  0  0  0  1/1     5:10   0:00   0:23 
Richard Panik            0  0  0  -1  0   2  0  0  0  0  0/1    15:57   0:00   0:23 
Timo Meier               0  0  0   0  0   0  2  0  0  0  0/0    18:15   1:29   0:00 
Travis Dermott           0  0  0   0  0   0  2  1  0  0  0/0    16:04   0:00   0:51 
Tyler Myers              0  0  0   0  2   0  1  2  0  0  0/0    23:48   2:29   1:12 

3 Stars

1 - Brad Marchand (NYI)
2 - Mikko Koskinen (NYI)
3 - Elias Pettersson (NYI)

Power Play

Devils - 0 on 2 Attempt(s) - 0,00%
Islanders - 0 on 2 Attempt(s) - 0,00%

Penalty Kill

Devils - 2 on 2 Attempt(s) - 100,00% - Score 0 goal in Penalty Kill
Islanders - 2 on 2 Attempt(s) - 100,00% - Score 0 goal in Penalty Kill

Team Stat

Devils - Hits : 20 - Faceoff Wins : 43 - Blocked Shots : 6 - Penalty Minutes : 4
Islanders - Hits : 24 - Faceoff Wins : 33 - Blocked Shots : 10 - Penalty Minutes : 4

Official

Referees : Mike Campbell and Michael Markovic
Linesman : Steve Barton and Kiel Murchison

Game Notes

No Game Note

Finance

Level 1 -- Attendance: 6000 (100,00%) -- Ticket Income 750 000 $
Level 2 -- Attendance: 5000 (100,00%) -- Ticket Income 425 000 $
Level 3 -- Attendance: 2000 (100,00%) -- Ticket Income 150 000 $
Level 4 -- Attendance: 1795 (100,00%) -- Ticket Income 104 110 $
Luxury Box -- Attendance: 1000 (100,00%) -- Ticket Income 190 000 $
Game was played at the Barclays Center.
Total Attendance: 15795 (100,00%)
Total Ticket Income: 1 619 110 $
Other Income: 793 364 $
Total Income: 2 412 474 $

% Time on Ice - Devils

Lines # - Real PCT - Wanted PCT - Time Play
Normal Forward
1 - 28% - 33% - 14:25
2 - 30% - 32% - 15:28
3 - 28% - 32% - 14:23
4 - 15% - 3% - 7:48
Normal Defense
1 - 32% - 32% - 16:47
2 - 33% - 32% - 16:57
3 - 34% - 31% - 17:44
4 - 1% - 5% - 0:36
PP Forward
1 - 46% - 50% - 1:49
2 - 54% - 50% - 2:09
PP Defense
1 - 60% - 60% - 2:23
2 - 40% - 40% - 1:35
PK Forward
1 - 54% - 60% - 2:08
2 - 46% - 40% - 1:50
PK Defense
1 - 60% - 60% - 2:22
2 - 40% - 40% - 1:36
PK3 Forward
1 - 0% - 60%
2 - 0% - 40%
PK3 Defense
1 - 0% - 60%
2 - 0% - 40%
44 Forward
1 - 0% - 60%
2 - 0% - 40%
44 Defense
1 - 0% - 60%
2 - 0% - 40%
Last Minute Offensive  - 0:00
Last Minute Defensive  - 0:00
Total
Forward - 60:00
Defense - 60:00

% Time on Ice - Islanders

Lines # - Real PCT - Wanted PCT - Time Play
Normal Forward
1 - 29% - 40% - 14:57
2 - 32% - 30% - 16:46
3 - 30% - 20% - 15:34
4 - 9% - 10% - 4:47
Normal Defense
1 - 37% - 40% - 19:15
2 - 32% - 30% - 16:43
3 - 29% - 20% - 15:13
4 - 2% - 10% - 0:53
PP Forward
1 - 63% - 60% - 2:29
2 - 37% - 40% - 1:29
PP Defense
1 - 63% - 60% - 2:29
2 - 37% - 40% - 1:29
PK Forward
1 - 70% - 60% - 2:47
2 - 30% - 40% - 1:11
PK Defense
1 - 55% - 60% - 2:12
2 - 45% - 40% - 1:46
PK3 Forward
1 - 0% - 60%
2 - 0% - 40%
PK3 Defense
1 - 0% - 60%
2 - 0% - 40%
44 Forward
1 - 0% - 60%
2 - 0% - 40%
44 Defense
1 - 0% - 60%
2 - 0% - 40%
Last Minute Offensive  - 0:00
Last Minute Defensive  - 0:00
Total
Forward - 60:00
Defense - 60:00

Play-by-Play

1st period


0:01 of 1st period - Nicklas Backstrom wins face-off versus Elias Pettersson in neutral zone.
0:37 of 1st period - Off-side.
0:38 of 1st period - Anthony Cirelli wins face-off versus Evgeni Malkin in neutral zone.
1:04 of 1st period - Timo Meier is hit by Evgeni Malkin and loses puck.
1:11 of 1st period - Mikhail Sergachev is hit by Timo Meier and loses puck.
1:17 of 1st period - Minor Penalty to Evgeni Malkin for Holding.
1:18 of 1st period - Tyler Bozak wins face-off versus Elias Pettersson in Devils zone.
1:37 of 1st period - Niklas Hjalmarsson is hit by Joe Pavelski and loses puck.
2:16 of 1st period - Shot by Nick Holden.
2:16 of 1st period - Stopped by Marc-Andre Fleury without a rebound.
2:17 of 1st period - Anthony Cirelli wins face-off versus Brian Boyle in Devils zone.
3:40 of 1st period - Ryan Suter is hit by Jordan Greenway and loses puck.
3:49 of 1st period - Shot by Richard Panik.
3:49 of 1st period - Shot Misses the Net.
3:51 of 1st period - Shot by Jordan Greenway.
3:51 of 1st period - Shot Misses the Net.
3:53 of 1st period - Shot by Dennis Cholowski.
3:53 of 1st period - Shot Misses the Net.
4:25 of 1st period - Shot by Evgeni Malkin.
4:25 of 1st period - Shot Misses the Net.
4:29 of 1st period - Shot by Travis Konecny.
4:29 of 1st period - Shot Misses the Net.
4:31 of 1st period - Shot by Justin Schultz.
4:31 of 1st period - Stopped by Mikko Koskinen without a rebound.
4:32 of 1st period - Anthony Cirelli wins face-off versus Zack Smith in Islanders zone.
4:45 of 1st period - Shot by Anthony Cirelli.
4:45 of 1st period - Shot Blocked by Tyler Bozak.
5:30 of 1st period - Shot by Richard Panik.
5:30 of 1st period - Stopped by Marc-Andre Fleury without a rebound.
5:31 of 1st period - Elias Pettersson wins face-off versus Evgeni Malkin in Devils zone.
5:32 of 1st period - Shot by Brad Marchand.
5:32 of 1st period - Stopped by Marc-Andre Fleury without a rebound.
5:33 of 1st period - Evgeni Malkin wins face-off versus Colton Sceviour in Devils zone.
5:38 of 1st period - Shot by Evgeni Malkin.
5:38 of 1st period - Shot Blocked by Nick Holden.
5:55 of 1st period - Shot by Travis Konecny.
5:55 of 1st period - Shot Misses the Net.
6:00 of 1st period - Icing by Jordan Greenway.
6:01 of 1st period - Nicklas Backstrom wins face-off versus Colton Sceviour in Islanders zone.
6:02 of 1st period - Shot by Cale Makar.
6:02 of 1st period - Stopped by Mikko Koskinen with a rebound.
6:06 of 1st period - Shot by T.J. Oshie.
6:06 of 1st period - Stopped by Mikko Koskinen without a rebound.
6:07 of 1st period - T.J. Oshie wins face-off versus Brad Marchand in Islanders zone.
6:48 of 1st period - Shot by Brad Marchand.
6:48 of 1st period - Stopped by Marc-Andre Fleury without a rebound.
6:49 of 1st period - Tyler Bozak wins face-off versus Anthony Cirelli in Devils zone.
7:24 of 1st period - Shot by Andrei Svechnikov.
7:24 of 1st period - Stopped by Marc-Andre Fleury without a rebound.
7:25 of 1st period - Colton Sceviour wins face-off versus Evgeni Malkin in Devils zone.
7:25 of 1st period - Anthony DeAngelo is hit by Mikhail Sergachev and loses puck.
7:30 of 1st period - Shot by Richard Panik.
7:30 of 1st period - Shot Blocked by Jordie Benn.
7:32 of 1st period - Shot by Colton Sceviour.
7:32 of 1st period - Stopped by Marc-Andre Fleury with a rebound.
7:34 of 1st period - Shot by Jordan Greenway.
7:34 of 1st period - Shot Misses the Net.
7:49 of 1st period - Minor Penalty to Mikhail Sergachev for Holding.
7:50 of 1st period - Tyler Bozak wins face-off versus Brad Marchand in Devils zone.
7:50 of 1st period - Tyler Bozak is hit by Elias Pettersson.
8:01 of 1st period - Icing by Brad Marchand.
8:02 of 1st period - Tyler Bozak wins face-off versus Joe Pavelski in Islanders zone.
8:37 of 1st period - Shot by Neal Pionk.
8:37 of 1st period - Stopped by Marc-Andre Fleury without a rebound.
8:38 of 1st period - Brian Boyle wins face-off versus Anthony Cirelli in Devils zone.
8:55 of 1st period - Timo Meier is hit by Tyler Bozak.
9:56 of 1st period - Shot by Richard Panik.
9:56 of 1st period - Shot Misses the Net.
10:02 of 1st period - Shot by Evgeni Malkin.
10:02 of 1st period - Shot Misses the Net.
10:04 of 1st period - Shot by Mike Hoffman.
10:04 of 1st period - Shot Blocked by Dennis Cholowski.
10:06 of 1st period - Shot by Travis Konecny.
10:06 of 1st period - Shot Blocked by Dennis Cholowski.
10:08 of 1st period - Shot by Cale Makar.
10:08 of 1st period - Stopped by Mikko Koskinen with a rebound.
10:10 of 1st period - Shot by Evgeni Malkin.
10:10 of 1st period - Shot Misses the Net.
10:12 of 1st period - Shot by Ryan Suter.
10:12 of 1st period - Shot Blocked by Travis Dermott.
10:14 of 1st period - Shot by Ryan Suter.
10:14 of 1st period - Shot Misses the Net.
10:16 of 1st period - Shot by Ryan Suter.
10:16 of 1st period - Shot Misses the Net.
10:18 of 1st period - Shot by Ryan Suter.
10:18 of 1st period - Shot Blocked by Dennis Cholowski.
10:20 of 1st period - Shot by Travis Konecny.
10:20 of 1st period - Stopped by Mikko Koskinen with a rebound.
10:22 of 1st period - Shot by Cale Makar.
10:22 of 1st period - Shot Hit the Post.
10:24 of 1st period - Shot by Travis Konecny.
10:24 of 1st period - Shot Misses the Net.
10:26 of 1st period - Shot by Cale Makar.
10:26 of 1st period - Shot Misses the Net.
10:28 of 1st period - Shot by Ryan Suter.
10:28 of 1st period - Stopped by Mikko Koskinen with a rebound.
10:48 of 1st period - Shot by T.J. Oshie.
10:48 of 1st period - Shot Blocked by Dennis Cholowski.
11:44 of 1st period - Shot by Zack Smith.
11:44 of 1st period - Stopped by Mikko Koskinen without a rebound.
11:45 of 1st period - Brian Boyle wins face-off versus Anthony Cirelli in Islanders zone.
12:36 of 1st period - Ryan Suter is hit by Joe Pavelski and loses puck.
12:46 of 1st period - Ryan Suter is hit by Brad Marchand and loses puck.
14:26 of 1st period - Shot by T.J. Oshie.
14:26 of 1st period - Stopped by Mikko Koskinen without a rebound.
14:27 of 1st period - Anthony Cirelli wins face-off versus Evgeni Malkin in Islanders zone.
14:56 of 1st period - Shot by Evgeni Malkin.
14:56 of 1st period - Stopped by Mikko Koskinen without a rebound.
14:57 of 1st period - T.J. Oshie wins face-off versus Elias Pettersson in Islanders zone.
15:18 of 1st period - Shot by Joe Pavelski.
15:18 of 1st period - Deflect By Brad Marchand.
15:18 of 1st period - Shot Misses the Net.
15:32 of 1st period - Shot by Elias Pettersson.
15:32 of 1st period - Stopped by Marc-Andre Fleury with a rebound.
16:08 of 1st period - Nick Holden is hit by Zack Smith and loses puck.
16:12 of 1st period - Icing by Timo Meier.
16:13 of 1st period - Evgeni Malkin wins face-off versus Anthony Cirelli in Islanders zone.
16:18 of 1st period - Shot by Travis Konecny.
16:18 of 1st period - Stopped by Mikko Koskinen without a rebound.
16:19 of 1st period - Anthony Cirelli wins face-off versus Evgeni Malkin in Islanders zone.
16:31 of 1st period - Shot by Mike Hoffman.
16:31 of 1st period - Stopped by Mikko Koskinen with a rebound.
16:33 of 1st period - Shot by Evgeni Malkin.
16:33 of 1st period - Shot Misses the Net.
16:35 of 1st period - Shot by Mike Hoffman.
16:35 of 1st period - Stopped by Mikko Koskinen without a rebound.
16:36 of 1st period - Austin Czarnik wins face-off versus Tyler Bozak in Islanders zone.
16:46 of 1st period - Nikita Gusev is hit by Ryan Suter and loses puck.
17:12 of 1st period - Shot by Tyler Bozak.
17:12 of 1st period - Stopped by Mikko Koskinen without a rebound.
17:13 of 1st period - Anthony Cirelli wins face-off versus Evgeni Malkin in Islanders zone.
17:24 of 1st period - Shot by Andrei Svechnikov.
17:24 of 1st period - Stopped by Marc-Andre Fleury without a rebound.
17:25 of 1st period - Nicklas Backstrom wins face-off versus Colton Sceviour in Devils zone.
18:22 of 1st period - Mikhail Sergachev is hit by Timo Meier.
18:36 of 1st period - Shot by Tyler Bozak.
18:36 of 1st period - Shot Misses the Net.
18:38 of 1st period - Shot by Zack Smith.
18:38 of 1st period - Deflect By Sam Reinhart.
18:38 of 1st period - Shot Misses the Net.
18:42 of 1st period - Shot by Sam Reinhart.
18:42 of 1st period - Stopped by Mikko Koskinen without a rebound.
18:43 of 1st period - Evgeni Malkin wins face-off versus Elias Pettersson in Islanders zone.
18:47 of 1st period - Evgeni Malkin is hit by Travis Dermott and loses puck.
18:58 of 1st period - Shot by Elias Pettersson.
18:58 of 1st period - Goal by Elias Pettersson - Devils : 0 - Islanders : 1.
18:59 of 1st period - Austin Czarnik wins face-off versus Brian Boyle in neutral zone.
19:15 of 1st period - Anthony DeAngelo is hit by Mathieu Joseph.
19:22 of 1st period - Icing by Rocco Grimaldi.
19:23 of 1st period - Anthony Cirelli wins face-off versus Brian Boyle in Devils zone.
Goals for this period are 0 for Devils vs 1 for Islanders.
Shots for this period are 14 for Devils vs 10 for Islanders.

2nd period


0:01 of 2nd period - Tyler Bozak wins face-off versus Elias Pettersson in neutral zone.
0:01 of 2nd period - Tyler Bozak is hit by Brad Marchand.
1:46 of 2nd period - Shot by Colton Sceviour.
1:46 of 2nd period - Stopped by Marc-Andre Fleury without a rebound.
1:47 of 2nd period - Nicklas Backstrom wins face-off versus Austin Czarnik in Devils zone.
2:23 of 2nd period - Off-side.
2:24 of 2nd period - Colton Sceviour wins face-off versus Evgeni Malkin in neutral zone.
2:37 of 2nd period - Shot by Richard Panik.
2:37 of 2nd period - Shot Misses the Net.
2:39 of 2nd period - Shot by Jordan Greenway.
2:39 of 2nd period - Shot Misses the Net.
2:44 of 2nd period - Colton Sceviour is hit by Mikhail Sergachev and loses puck.
2:57 of 2nd period - Shot by Neal Pionk.
2:57 of 2nd period - Deflect By Richard Panik.
2:57 of 2nd period - Shot Blocked by Jordie Benn.
2:59 of 2nd period - Shot by Richard Panik.
2:59 of 2nd period - Shot Misses the Net.
3:25 of 2nd period - Mikhail Sergachev is hit by Nick Holden and loses puck.
3:36 of 2nd period - Shot by Timo Meier.
3:36 of 2nd period - Shot Misses the Net.
3:38 of 2nd period - Shot by Anthony Cirelli.
3:38 of 2nd period - Stopped by Marc-Andre Fleury without a rebound.
3:39 of 2nd period - Nicklas Backstrom wins face-off versus Elias Pettersson in Devils zone.
4:12 of 2nd period - Shot by Nicklas Backstrom.
4:12 of 2nd period - Stopped by Mikko Koskinen without a rebound.
4:13 of 2nd period - Tyler Bozak wins face-off versus Anthony Cirelli in Islanders zone.
4:13 of 2nd period - Justin Schultz is hit by Anthony DeAngelo and loses puck.
4:19 of 2nd period - Tyler Bozak is hit by Anthony DeAngelo and loses puck.
4:38 of 2nd period - Minor Penalty to Andrei Svechnikov for Roughing.
4:39 of 2nd period - Nicklas Backstrom wins face-off versus Brad Marchand in Islanders zone.
4:50 of 2nd period - Shot by Ryan Suter.
4:50 of 2nd period - Stopped by Mikko Koskinen with a rebound.
4:52 of 2nd period - Shot by Ryan Suter.
4:52 of 2nd period - Stopped by Mikko Koskinen without a rebound.
4:53 of 2nd period - Brad Marchand wins face-off versus Evgeni Malkin in Islanders zone.
4:55 of 2nd period - Elias Pettersson is hit by Evgeni Malkin and loses puck.
5:08 of 2nd period - Evgeni Malkin is hit by Neal Pionk.
5:12 of 2nd period - Shot by Evgeni Malkin.
5:12 of 2nd period - Stopped by Mikko Koskinen without a rebound.
5:13 of 2nd period - Elias Pettersson wins face-off versus Nicklas Backstrom in Islanders zone.
5:42 of 2nd period - Shot by Chris Kreider.
5:42 of 2nd period - Deflect By Nicklas Backstrom.
5:42 of 2nd period - Stopped by Mikko Koskinen without a rebound.
5:43 of 2nd period - Brad Marchand wins face-off versus Evgeni Malkin in Islanders zone.
5:52 of 2nd period - Shot by Mike Hoffman.
5:52 of 2nd period - Shot Blocked by Neal Pionk.
6:04 of 2nd period - Shot by Travis Konecny.
6:04 of 2nd period - Shot Misses the Net.
6:16 of 2nd period - Shot by Brad Marchand.
6:16 of 2nd period - Shot Misses the Net.
6:27 of 2nd period - Off-side.
6:28 of 2nd period - Brad Marchand wins face-off versus Nicklas Backstrom in neutral zone.
6:43 of 2nd period - Travis Dermott is hit by Mathieu Joseph and loses puck.
7:26 of 2nd period - Rocco Grimaldi is hit by Neal Pionk and loses puck.
7:41 of 2nd period - Shot by Tyler Bozak.
7:41 of 2nd period - Stopped by Mikko Koskinen without a rebound.
7:42 of 2nd period - Evgeni Malkin wins face-off versus Elias Pettersson in Islanders zone.
8:11 of 2nd period - Icing by Nick Holden.
8:12 of 2nd period - Nicklas Backstrom wins face-off versus Elias Pettersson in Islanders zone.
8:19 of 2nd period - Shot by Mikhail Sergachev.
8:19 of 2nd period - Deflect By T.J. Oshie.
8:19 of 2nd period - Stopped by Mikko Koskinen with a rebound.
8:21 of 2nd period - Shot by Chris Kreider.
8:21 of 2nd period - Stopped by Mikko Koskinen without a rebound.
8:22 of 2nd period - Tyler Bozak wins face-off versus Andrei Svechnikov in Islanders zone.
8:56 of 2nd period - Timo Meier is hit by Mikhail Sergachev and loses puck.
9:06 of 2nd period - Mikhail Sergachev is hit by Andrei Svechnikov and loses puck.
9:23 of 2nd period - Shot by Brad Marchand.
9:23 of 2nd period - Stopped by Marc-Andre Fleury without a rebound.
9:24 of 2nd period - Nicklas Backstrom wins face-off versus Elias Pettersson in Devils zone.
9:33 of 2nd period - Elias Pettersson is hit by Chris Kreider.
9:56 of 2nd period - Shot by Nicklas Backstrom.
9:56 of 2nd period - Shot Misses the Net.
10:24 of 2nd period - Shot by Mike Hoffman.
10:24 of 2nd period - Shot Misses the Net.
10:29 of 2nd period - Off-side.
10:30 of 2nd period - Anthony Cirelli wins face-off versus Brian Boyle in neutral zone.
10:43 of 2nd period - Shot by Andrei Svechnikov.
10:43 of 2nd period - Stopped by Marc-Andre Fleury with a rebound.
10:51 of 2nd period - Shot by Mathieu Joseph.
10:51 of 2nd period - Stopped by Mikko Koskinen without a rebound.
10:52 of 2nd period - Evgeni Malkin wins face-off versus Richard Panik in Islanders zone.
10:57 of 2nd period - Shot by Travis Konecny.
10:57 of 2nd period - Stopped by Mikko Koskinen without a rebound.
10:58 of 2nd period - Evgeni Malkin wins face-off versus Colton Sceviour in Islanders zone.
11:18 of 2nd period - Shot by Evgeni Malkin.
11:18 of 2nd period - Shot Misses the Net.
11:26 of 2nd period - Shot by Evgeni Malkin.
11:26 of 2nd period - Shot Misses the Net.
11:28 of 2nd period - Shot by Evgeni Malkin.
11:28 of 2nd period - Stopped by Mikko Koskinen without a rebound.
11:29 of 2nd period - Nicklas Backstrom wins face-off versus Elias Pettersson in Islanders zone.
11:31 of 2nd period - Chris Kreider is hit by Anthony DeAngelo and loses puck.
11:34 of 2nd period - Shot by Chris Kreider.
11:34 of 2nd period - Stopped by Mikko Koskinen without a rebound.
11:35 of 2nd period - T.J. Oshie wins face-off versus Elias Pettersson in Islanders zone.
11:35 of 2nd period - T.J. Oshie is hit by Anthony DeAngelo.
11:37 of 2nd period - Shot by Nicklas Backstrom.
11:37 of 2nd period - Shot Misses the Net.
11:45 of 2nd period - Shot by Chris Kreider.
11:45 of 2nd period - Shot Misses the Net.
11:47 of 2nd period - Shot by Justin Schultz.
11:47 of 2nd period - Stopped by Mikko Koskinen without a rebound.
11:48 of 2nd period - Anthony Cirelli wins face-off versus Sam Reinhart in Islanders zone.
11:48 of 2nd period - Anthony Cirelli is hit by Sam Reinhart.
11:57 of 2nd period - Neal Pionk is hit by Sam Reinhart and loses puck.
12:02 of 2nd period - Anthony Cirelli is hit by Zack Smith.
12:08 of 2nd period - Shot by Sam Reinhart.
12:08 of 2nd period - Shot Blocked by Tyler Myers.
13:26 of 2nd period - Shot by Brad Marchand.
13:26 of 2nd period - Goal by Brad Marchand - Devils : 0 - Islanders : 2.
13:27 of 2nd period - Evgeni Malkin wins face-off versus Colton Sceviour in neutral zone.
13:30 of 2nd period - Shot by Mike Hoffman.
13:30 of 2nd period - Shot Misses the Net.
14:29 of 2nd period - Ryan Suter is hit by Jordan Greenway.
15:24 of 2nd period - Icing by Cale Makar.
15:25 of 2nd period - Brian Boyle wins face-off versus Anthony Cirelli in Devils zone.
15:25 of 2nd period - Brian Boyle is hit by Anthony Cirelli.
15:49 of 2nd period - Shot by Andrei Svechnikov.
15:49 of 2nd period - Deflect By Anthony Cirelli.
15:49 of 2nd period - Shot Misses the Net.
16:09 of 2nd period - Shot by Justin Schultz.
16:09 of 2nd period - Shot Misses the Net.
16:15 of 2nd period - Shot by T.J. Oshie.
16:15 of 2nd period - Stopped by Mikko Koskinen without a rebound.
16:16 of 2nd period - Austin Czarnik wins face-off versus Evgeni Malkin in Islanders zone.
16:39 of 2nd period - Shot by Mike Hoffman.
16:39 of 2nd period - Stopped by Mikko Koskinen without a rebound.
16:40 of 2nd period - Tyler Bozak wins face-off versus Colton Sceviour in Islanders zone.
17:00 of 2nd period - Icing by Richard Panik.
17:01 of 2nd period - Evgeni Malkin wins face-off versus Colton Sceviour in Islanders zone.
17:15 of 2nd period - Icing by Mikhail Sergachev.
17:16 of 2nd period - Elias Pettersson wins face-off versus Evgeni Malkin in Devils zone.
17:41 of 2nd period - Shot by Travis Konecny.
17:41 of 2nd period - Stopped by Mikko Koskinen without a rebound.
17:42 of 2nd period - T.J. Oshie wins face-off versus Anthony Cirelli in Islanders zone.
17:53 of 2nd period - Shot by Justin Schultz.
17:53 of 2nd period - Stopped by Mikko Koskinen without a rebound.
17:54 of 2nd period - Tyler Bozak wins face-off versus Colton Sceviour in Islanders zone.
17:54 of 2nd period - Ryan Suter is hit by Neal Pionk and loses puck.
18:16 of 2nd period - Tyler Bozak is hit by Neal Pionk and loses puck.
19:07 of 2nd period - Shot by Chris Kreider.
19:07 of 2nd period - Shot Misses the Net.
19:29 of 2nd period - Shot by Andrei Svechnikov.
19:29 of 2nd period - Shot Misses the Net.
Goals for this period are 0 for Devils vs 1 for Islanders.
Shots for this period are 17 for Devils vs 5 for Islanders.

3rd period


0:01 of 3rd period - Evgeni Malkin wins face-off versus Elias Pettersson in neutral zone.
0:23 of 3rd period - Shot by Elias Pettersson.
0:23 of 3rd period - Stopped by Marc-Andre Fleury without a rebound.
0:24 of 3rd period - Anthony Cirelli wins face-off versus Tyler Bozak in Devils zone.
0:53 of 3rd period - Shot by Tyler Bozak.
0:53 of 3rd period - Shot Misses the Net.
0:55 of 3rd period - Shot by Sam Reinhart.
0:55 of 3rd period - Stopped by Mikko Koskinen without a rebound.
0:56 of 3rd period - Elias Pettersson wins face-off versus T.J. Oshie in Islanders zone.
1:19 of 3rd period - Shot by Chris Kreider.
1:19 of 3rd period - Shot Misses the Net.
1:21 of 3rd period - Shot by Cale Makar.
1:21 of 3rd period - Shot Blocked by Neal Pionk.
1:26 of 3rd period - Off-side.
1:27 of 3rd period - Evgeni Malkin wins face-off versus Jordan Greenway in neutral zone.
1:54 of 3rd period - Icing by Dennis Cholowski.
1:55 of 3rd period - Colton Sceviour wins face-off versus Tyler Bozak in Islanders zone.
2:00 of 3rd period - Shot by Dennis Cholowski.
2:00 of 3rd period - Stopped by Marc-Andre Fleury with a rebound.
2:04 of 3rd period - Shot by Dennis Cholowski.
2:04 of 3rd period - Stopped by Marc-Andre Fleury with a rebound.
2:06 of 3rd period - Shot by Richard Panik.
2:06 of 3rd period - Shot Blocked by Tyler Bozak.
3:07 of 3rd period - Minor Penalty to Tyler Myers for Hooking.
3:08 of 3rd period - Brad Marchand wins face-off versus Mike Hoffman in Islanders zone.
3:14 of 3rd period - Icing by Mike Hoffman.
3:15 of 3rd period - Brad Marchand wins face-off versus Evgeni Malkin in Devils zone.
3:26 of 3rd period - Shot by Brad Marchand.
3:26 of 3rd period - Stopped by Marc-Andre Fleury without a rebound.
3:27 of 3rd period - Brad Marchand wins face-off versus Nicklas Backstrom in Devils zone.
3:55 of 3rd period - Icing by Nicklas Backstrom.
3:56 of 3rd period - Nicklas Backstrom wins face-off versus Brad Marchand in Devils zone.
4:45 of 3rd period - Shot by Mike Hoffman.
4:45 of 3rd period - Stopped by Mikko Koskinen with a rebound.
6:04 of 3rd period - Icing by Nick Holden.
6:05 of 3rd period - Andrei Svechnikov wins face-off versus Nicklas Backstrom in Islanders zone.
6:15 of 3rd period - Andrei Svechnikov is hit by Mikhail Sergachev and loses puck.
6:20 of 3rd period - Shot by Anthony Cirelli.
6:20 of 3rd period - Stopped by Marc-Andre Fleury with a rebound.
7:10 of 3rd period - Shot by Brad Marchand.
7:10 of 3rd period - Shot Blocked by Cale Makar.
7:20 of 3rd period - Shot by Evgeni Malkin.
7:20 of 3rd period - Shot Misses the Net.
7:22 of 3rd period - Shot by Cale Makar.
7:22 of 3rd period - Stopped by Mikko Koskinen with a rebound.
7:24 of 3rd period - Shot by Ryan Suter.
7:24 of 3rd period - Shot Blocked by Tyler Myers.
7:57 of 3rd period - Jordan Greenway is hit by Niklas Hjalmarsson and loses puck.
8:02 of 3rd period - Shot by Richard Panik.
8:02 of 3rd period - Stopped by Marc-Andre Fleury without a rebound.
8:03 of 3rd period - Colton Sceviour wins face-off versus Mathieu Joseph in Devils zone.
9:07 of 3rd period - Icing by Justin Schultz.
9:08 of 3rd period - Nikita Gusev wins face-off versus Chris Kreider in Devils zone.
9:08 of 3rd period - Austin Czarnik is hit by Niklas Hjalmarsson and loses puck.
9:25 of 3rd period - Shot by T.J. Oshie.
9:25 of 3rd period - Deflect By Chris Kreider.
9:25 of 3rd period - Stopped by Mikko Koskinen without a rebound.
9:26 of 3rd period - Evgeni Malkin wins face-off versus Elias Pettersson in Islanders zone.
9:34 of 3rd period - Icing by Nick Holden.
9:35 of 3rd period - Elias Pettersson wins face-off versus Zack Smith in Islanders zone.
12:45 of 3rd period - Icing by Joe Pavelski.
12:46 of 3rd period - Tyler Bozak wins face-off versus Elias Pettersson in Islanders zone.
12:55 of 3rd period - Shot by Joe Pavelski.
12:55 of 3rd period - Stopped by Marc-Andre Fleury without a rebound.
12:56 of 3rd period - Evgeni Malkin wins face-off versus Anthony Cirelli in Devils zone.
13:29 of 3rd period - Shot by Timo Meier.
13:29 of 3rd period - Shot Blocked by Niklas Hjalmarsson.
14:06 of 3rd period - Shot by Sam Reinhart.
14:06 of 3rd period - Stopped by Mikko Koskinen without a rebound.
14:07 of 3rd period - Nicklas Backstrom wins face-off versus Colton Sceviour in Islanders zone.
14:10 of 3rd period - Shot by Ryan Suter.
14:10 of 3rd period - Shot Misses the Net.
14:12 of 3rd period - Shot by Ryan Suter.
14:12 of 3rd period - Goal by Ryan Suter - Devils : 1 - Islanders : 2.
14:13 of 3rd period - Tyler Bozak wins face-off versus Colton Sceviour in neutral zone.
15:05 of 3rd period - Icing by Neal Pionk.
15:06 of 3rd period - Anthony Cirelli wins face-off versus Nicklas Backstrom in Islanders zone.
15:06 of 3rd period - Anthony Cirelli is hit by Chris Kreider.
15:11 of 3rd period - Neal Pionk is hit by Mikhail Sergachev and loses puck.
15:27 of 3rd period - Chris Kreider is hit by Tyler Myers and loses puck.
16:13 of 3rd period - Shot by Mike Hoffman.
16:13 of 3rd period - Shot Misses the Net.
16:57 of 3rd period - Shot by Brad Marchand.
16:57 of 3rd period - Goal by Brad Marchand - Devils : 1 - Islanders : 3.
16:58 of 3rd period - Tyler Bozak wins face-off versus Colton Sceviour in neutral zone.
17:19 of 3rd period - Shot by Sam Reinhart.
17:19 of 3rd period - Shot Misses the Net.
17:21 of 3rd period - Shot by Tyler Bozak.
17:21 of 3rd period - Shot Misses the Net.
17:26 of 3rd period - Sam Reinhart is hit by Travis Dermott and loses puck.
17:48 of 3rd period - Dennis Cholowski is hit by Ryan Suter and loses puck.
18:02 of 3rd period - Shot by Joe Pavelski.
18:02 of 3rd period - Stopped by Marc-Andre Fleury with a rebound.
18:04 of 3rd period - Shot by Anthony DeAngelo.
18:04 of 3rd period - Stopped by Marc-Andre Fleury without a rebound.
18:05 of 3rd period - Evgeni Malkin wins face-off versus Austin Czarnik in Devils zone.
18:23 of 3rd period - Justin Schultz is hit by Austin Czarnik and loses puck.
18:49 of 3rd period - Icing by Niklas Hjalmarsson.
18:50 of 3rd period - Elias Pettersson wins face-off versus Travis Konecny in Devils zone.
19:44 of 3rd period - Off-side.
19:45 of 3rd period - Colton Sceviour wins face-off versus Tyler Bozak in neutral zone.
19:59 of 3rd period - Icing by Richard Panik.
Goals for this period are 1 for Devils vs 1 for Islanders.
Shots for this period are 6 for Devils vs 10 for Islanders.